Map: Imperio eterno EE

Players

millermar - Winner!

  • Race: Terran Terran
  • League: Gold
  • Spawn Location: 7:00

MrFercho

  • Race: Zerg Zerg
  • League: Gold
  • Spawn Location: 1:00

VOD

Have the link to the VOD?

Description

Time

  • Played on: Aug. 8, 2020, 4:27 p.m.
  • Length: 11:13
Show
View Real Time Build Order
Export as new Build Order

millermar Terran - Winner!

Build Orders:  

Get SALT Encoding   

  12  0:01  SCV  
  13  0:19  SCV  
  13  0:20  Supply Depot  
  14  0:27  Refinery  
  14  0:31  SCV  
  15  0:48  Barracks  
  15  0:51  SCV  
  16  1:10  Barracks  
  16  1:20  SCV  
  16  1:25  Refinery  
  17  1:35  Orbital Command  
  17  1:42  Factory  
  17  1:48  Marine  
  18  2:03  Supply Depot, Marine  
  18  2:05  SCV  
  20  2:18  SCV  
  20  2:19  Barracks Reactor  
  21  2:22  Marine  
  21  2:27  Supply Depot  
  22  2:41  Factory Tech Lab  
  22  2:49  Starport  
  22  2:55  Marine  
  22  2:57  Supply Depot  
  23  3:00  SCV  
  24  3:07  Siege Tank  
  27  3:13  Marine  
  27  3:15  Marine x2  
  30  3:37  Medivac  
  30  3:39  Siege Tank  
  35  3:45  Marine x2  
  35  3:47  Marine  
  38  4:07  Medivac  
  40  4:13  Command Center  
  40  4:38  Fusion Core  
  40  4:42  Starport Tech Lab  
  40  4:54  Marine  
  40  4:55  Marine  
  40  4:57  Barracks Tech Lab  
  42  5:25  Engineering Bay  
  28  6:04  Battlecruiser  
  34  6:09  Starport  
  34  6:13  SCV  
  34  6:17  Orbital Command  
  35  6:20  Refinery  
  35  6:21  Marine x2  
  35  6:22  Marine  
  39  6:25  SCV  
  39  6:29  Siege Tank  
  42  6:49  Starport  
  42  6:55  Starport Tech Lab  
  42  6:57  SCV  
  43  7:06  SCV  
  44  7:09  SCV  
  44  7:12  Marine  
  44  7:13  Marine, Refinery  
  47  7:18  SCV  
  48  7:29  Armory  
  48  7:30  SCV  
  49  7:42  SCV  
  56  7:44  Battlecruiser  
  62  8:41  Battlecruiser  
  62  8:43  Starport Tech Lab  
  62  8:47  Armory  
  62  9:02  Supply Depot  
  62  9:24  Factory, SCV  
  63  9:36  SCV  
  63  9:37  Supply Depot  
  56  9:48  SCV  
  56  10:09  Barracks, Factory  
  56  10:32  Marine  
  56  10:34  SCV  
  52  10:46  SCV  
  53  10:50  Marine  
  54  10:58  SCV  
Show
View Real Time Build Order
Export as new Build Order

MrFercho Zerg 

Build Orders: Hatch First 

Get SALT Encoding   

  12  0:00  Drone  
  13  0:14  Overlord  
  13  0:17  Drone  
  14  0:36  Drone x2  
  16  0:50  Hatchery  
  16  0:52  Drone  
  16  0:56  Drone  
  17  1:00  Drone  
  18  1:10  Extractor  
  17  1:17  Spawning Pool  
  16  1:20  Drone  
  16  1:24  Drone  
  18  1:30  Drone  
  19  1:41  Drone  
  20  1:51  Overlord  
  20  2:02  Drone x2  
  20  2:06  Queen x2  
  26  2:14  Zergling x4  
  28  2:26  Overlord  
  28  2:27  Drone  
  29  2:38  Overlord  
  29  2:39  Overlord  
  29  2:47  Queen  
  29  2:50  Lair  
  31  2:57  Drone x4  
  35  3:21  Drone  
  35  3:22  Drone  
  35  3:23  Drone  
  35  3:24  Drone  
  39  3:28  Roach Warren  
  39  3:29  Drone x4  
  39  3:31  Evolution Chamber  
  41  3:46  Drone x4  
  45  3:55  Drone  
  46  3:57  Extractor  
  46  3:59  Extractor, Zerg Missile Weapons Level 1  
  46  4:02  Drone  
  45  4:08  Glial Reconstitution  
  45  4:10  Roach  
  45  4:11  Roach x2  
  45  4:12  Overlord  
  51  4:39  Roach  
  51  4:40  Roach x3  
  51  4:42  Overlord x3  
  59  5:14  Roach x4  
  55  5:44  Roach x4  
  55  5:48  Roach x3  
  55  5:49  Roach x4  
  69  5:54  Drone  
  69  5:55  Drone x2  
  68  6:00  Queen  
  70  6:23  Drone x3  
  70  6:24  Drone x6  
  79  6:38  Overlord  
  79  6:39  Overlord  
  79  6:40  Overlord  
  79  6:50  Extractor  
  79  6:52  Hydralisk Den  
  77  6:59  Drone  
  77  7:00  Zerg Missile Weapons Level 2  
  78  7:03  Drone  
  78  7:04  Drone x3  
  82  7:13  Drone  
  82  7:14  Drone x3  
  86  7:18  Hatchery  
  86  7:19  Extractor  
  86  7:22  Extractor  
  83  7:23  Ravager  
  84  7:32  Grooved Spines  
  84  7:37  Drone  
  84  7:39  Drone  
  86  7:45  Spore Crawler  
  86  7:49  Spore Crawler  
  76  8:00  Drone x5, Spore Crawler  
  76  8:01  Drone  
  76  8:03  Ravager x4  
  76  8:04  Pneumatized Carapace  
  82  8:17  Overlord  
  82  8:18  Hydralisk  
  81  8:20  Queen  
  80  8:30  Overlord  
  80  8:31  Overlord x2  
  80  8:44  Muscular Augments  
  80  8:53  Drone x3  
  80  8:55  Drone x3  
  85  8:56  Drone x2  
  88  9:04  Hydralisk  
  88  9:07  Queen  
  92  9:32  Drone x3  
  92  9:34  Drone x5  
  69  10:03  Hydralisk x8  
  81  10:19  Hydralisk x4  
  81  10:20  Hydralisk x2  
  87  10:34  Hydralisk  
  87  10:35  Hydralisk x3  
  79  10:36  Overlord  
  79  10:42  Hydralisk  
  73  10:43  Hydralisk x3  
Tags
 
League
GoldGold
Matchup
TvZ
Replay Pack
MrFercho
Spawn Locations
Cross Positions
Add a new tag
Caveats
  • Supply blocks, unpowered buildings, or Contaminate may cause inaccurate times.
  • Supply counts are checked every 10 seconds.